 Dungeon Crawl Stone Soup version 0.24.0-35-gdb84b6a5db (webtiles) character file.

Game seed: 16730648617596698466, levelgen mode: deterministic

431355 epalnemea the Warrior (level 22, -6/316 HPs)
             Began as a Minotaur Fighter on Nov 4, 2019.
             Was an Initiate of Gozag.
             Mangled by a sun demon (9 damage)
             ... in the Vestibule of Hell on Nov 18, 2019.
             The game lasted 04:37:28 (50841 turns).

epalnemea the Warrior (Minotaur Fighter)           Turns: 50841, Time: 04:37:28

Health: -6/316     AC: 30    Str: 31    XL:     22   Next: 84%
Magic:  0/24       EV:  2    Int:  5    God:    Gozag
Gold:   593        SH:  0    Dex: 28    Spells: 21/21 levels left

rFire    . . .     SeeInvis .   n - +7 broad axe (protect)
rCold    + . .     Gourm    .   C - +4 shield {reflect}
rNeg     + + +     Faith    .   (armour currently unavailable)
rPois    +         Spirit   +   (helmet currently unavailable)
rElec    +         Reflect  +   (cloak currently unavailable)
rCorr    +         Harm     .   (gloves currently unavailable)
MR       ++...     NoTele   +   (boots currently unavailable)
Stlth    +.........             p - amulet of Deogrann {Spirit Fragile rElec MR+ Dex+5}
HPRegen  0.62/turn              P - ring of resist corrosion
MPRegen  0.19/turn              W - ring of Yxiuf {rPois rF- EV+1 Dex+8}

@: confused, mighty, lethally poisoned (-6 -> -7), tree-form, resistant,
corroded, gold aura, protection aura, very slightly contaminated, hasted,
invisible, very quick
A: (retaliatory headbutt), blurry vision 1, low mp 1, screaming 1
}: 2/15 runes: decaying, gossamer
a: Potion Petition, Call Merchant, Bribe Branch, Renounce Religion


You were in the Vestibule of Hell.
You worshipped Gozag.
Gozag was pleased with you.
You were not hungry.
You were a tree.
You visited 8 branches of the dungeon, and saw 40 of its levels.
You visited the Abyss 2 times.
You also visited: Ossuary and Bailey.

You collected 20527 gold pieces.
You spent 9614 gold pieces at shops.
You paid 10320 gold pieces to Gozag.

Inventory:

Hand Weapons
 n - a +7 broad axe of protection (weapon)
 x - the +9 long sword of Uncertain Death {protect, +Fly rF+++ Int-4 SInv}
   (You bought it in a shop on level 2 of the Orcish Mines)

   It grants its wielder temporary protection when it strikes (+7 to AC).
   It affects your intelligence (-4).
   It renders you almost immune to fire.
   It lets you see invisible.
   It lets you fly.
 G - a +5 demon whip of electrocution
Missiles
 d - 10 silver boomerangs
 h - 9 javelins (quivered)
 R - 2 throwing nets
Armour
 e - a +2 pair of gloves of strength (melded)
 o - a scarf of resistance (melded)
 C - a +4 shield of reflection (worn)
 K - a +2 hat of magic resistance (melded)
 Q - the +5 plate armour of Plog (melded) {rElec MR+}
   (You bought it in a shop on level 9 of the Dungeon)

   It insulates you from electricity.
   It affects your resistance to hostile enchantments.
 U - a scarf of cloud immunity
Jewellery
 k - the ring of Shadows {Umbra +Inv Stlth+}
   (You took it off a deep elf annihilator on level 3 of the Elven Halls)

   [ring of stealth]

   It lets you turn invisible.
   It makes you more stealthy.
 p - the amulet of Deogrann (around neck) {Spirit Fragile rElec MR+ Dex+5}
   (You found it on level 11 of the Dungeon)

   [amulet of guardian spirit]

   It causes incoming damage to be split between your health and magic.
   It affects your dexterity (+5).
   It insulates you from electricity.
   It affects your resistance to hostile enchantments.
   It will be destroyed if unequipped.
 y - the ring of Anuses {rC+ Dex+4 Stlth-}
   (You took it off a vampire mage on level 2 of the Depths)

   [ring of attention]

   It affects your dexterity (+4).
   It protects you from cold.
   It makes you less stealthy.
 B - the ring of Elyvilon's Supremacy {MR+ Int+2 Stlth-}
   (You found it in an ossuary)

   [ring of attention]

   It affects your intelligence (+2).
   It affects your resistance to hostile enchantments.
   It makes you less stealthy.
 P - a ring of resist corrosion (left branch)
 V - an uncursed ring of positive energy
 W - the ring of Yxiuf (right branch) {rPois rF- EV+1 Dex+8}
   (You found it on level 6 of the Lair of Beasts)

   [ring of evasion]

   It affects your evasion (+1).
   It affects your dexterity (+8).
   It makes you vulnerable to fire.
   It protects you from poison.
 Y - the ring of Departure {rF+ rC++}
   (You bought it in a shop on level 2 of the Depths)

   [ring of protection from fire]

   It protects you from fire.
   It greatly protects you from cold.
Wands
 b - a wand of digging (22)
 t - a wand of acid (4)
 v - a wand of iceblast (30)
 J - a wand of disintegration (17)
 M - a wand of polymorph (23)
 O - a wand of paralysis (11)
 X - a wand of flame (31)
 Z - a wand of enslavement (11)
Scrolls
 c - 2 scrolls of magic mapping
 j - 16 scrolls of remove curse
 m - 3 scrolls of torment
 u - 4 scrolls of fog
 w - 4 scrolls of immolation
 H - 2 scrolls of fear
 L - 10 scrolls of identify
 S - 2 scrolls of blinking
 T - 6 scrolls of teleportation
Potions
 a - 4 potions of lignification
 g - 3 potions of flight
 l - 3 potions of resistance
 r - 3 potions of brilliance
 z - a potion of haste
 I - 3 potions of cancellation
 N - a potion of invisibility
Comestibles
 f - 14 rations


   Skills:
 + Level 20.5 Fighting
 + Level 11.3 Long Blades
 - Level 17.3(17.6) Axes
 - Level 4.0(12.3) Maces & Flails
   Level 4.4(12.4) Polearms
   Level 7.8 Crossbows
 - Level 8.0 Throwing
 + Level 20.4 Armour
 + Level 15.9 Dodging
 + Level 20.4 Shields
 + Level 9.0 Evocations


You had 21 spell levels left.
You didn't know any spells.
Your spell library contained the following spells:

 Spells                   Type           Power        Failure   Level  Hunger
 Animate Skeleton         Necr           N/A          47%         1    ##.....
 Beastly Appendage        Tmut           #.....       47%         1    ##.....
 Confusing Touch          Hex            #.....       47%         1    ##.....
 Corona                   Hex            #......      47%         1    ##.....
 Flame Tongue             Conj/Fire      #....        47%         1    ##.....
 Pain                     Necr           #...         47%         1    ##.....
 Sandblast                Erth           #.....       47%         1    ##.....
 Sting                    Conj/Pois      #...         47%         1    ##.....
 Summon Butterflies       Summ           #.......     47%         1    ##.....
 Ensorcelled Hibernation  Hex/Ice        #.....       63%         2    ###....
 Passwall                 Tmut/Erth      #.......     63%         2    ###....
 Poisonous Vapours        Pois/Air       #.....       63%         2    ###....
 Sticks to Snakes         Tmut           #.......     63%         2    ###....
 Swiftness                Chrm/Air       #.......     63%         2    ###....
 Throw Flame              Conj/Fire      #.....       63%         2    ###....
 Call Canine Familiar     Summ           #.......     85%         3    ####...
 Confuse                  Hex            #.......     85%         3    ####...
 Conjure Flame            Conj/Fire      #.......     85%         3    ####...
 Dazzling Spray           Conj/Hex       #.....       85%         3    ####...
 Gell's Gravitas          Tloc           #.........   85%         3    ####...
 Ignite Poison            Fire/Tmut/Pois #.......     85%         3    ####...
 Inner Flame              Hex/Fire       #.......     85%         3    ####...
 Mephitic Cloud           Conj/Pois/Air  #.......     85%         3    ####...
 Regeneration             Chrm/Necr      #.........   85%         3    ####...
 Spider Form              Tmut/Pois      #.........   85%         3    ####...
 Static Discharge         Conj/Air       #.......     85%         3    ####...
 Stone Arrow              Conj/Erth      #.....       85%         3    ####...
 Tukima's Dance           Hex            #.......     85%         3    ####...
 Vampiric Draining        Necr           #.........   85%         3    ####...
 Animate Dead             Necr           N/A          99%         4    #####..
 Cause Fear               Hex            #.........   99%         4    #####..
 Ice Form                 Ice/Tmut       #.......     99%         4    #####..
 Olgreb's Toxic Radiance  Pois           #.......     99%         4    #####..
 Passage of Golubria      Tloc           N/A          99%         4    #####..
 Petrify                  Tmut/Erth      #.......     99%         4    #####..
 Sticky Flame             Conj/Fire      #.......     99%         4    #####..
 Summon Ice Beast         Ice/Summ       #.......     99%         4    #####..
 Throw Icicle             Conj/Ice       #.......     99%         4    #####..
 Blade Hands              Tmut           #.........   100%        5    ######.
 Bolt of Magma            Conj/Fire/Erth #.........   100%        5    ######.
 Excruciating Wounds      Chrm/Necr      #.........   100%        5    ######.
 Fireball                 Conj/Fire      #.........   100%        5    ######.
 Irradiate                Conj/Tmut      #.........   100%        5    ######.
 Iskenderun's Battlesphe  Conj/Chrm      #.......     100%        5    ######.
 Lee's Rapid Deconstruct  Erth           #.........   100%        5    ######.
 Lightning Bolt           Conj/Air       #.........   100%        5    ######.
 Metabolic Englaciation   Hex/Ice        #.........   100%        5    ######.
 Silence                  Hex/Air        #.........   100%        5    ######.
 Summon Mana Viper        Hex/Summ       #.......     100%        5    ######.
 Venom Bolt               Conj/Pois      #.........   100%        5    ######.
 Yara's Violent Unravell  Hex/Tmut       #.........   100%        5    ######.
 Bolt of Cold             Conj/Ice       #.........   100%        6    #######
 Darkness                 Hex            #.........   100%        6    #######
 Deflect Missiles         Chrm/Air       #.........   100%        6    #######
 Freezing Cloud           Conj/Ice/Air   #.........   100%        6    #######
 Invisibility             Hex            #.......     100%        6    #######
 Iron Shot                Conj/Erth      #.........   100%        6    #######
 Ozocubu's Refrigeration  Ice            #.........   100%        6    #######
 Simulacrum               Ice/Necr       #.........   100%        6    #######
 Statue Form              Tmut/Erth      #........    100%        6    #######
 Orb of Destruction       Conj           #.........   100%        7    #######
 Ring of Flames           Chrm/Fire      #.........   100%        7    #######
 Spellforged Servitor     Conj/Summ      #.........   100%        7    #######
 Summon Hydra             Summ           #.........   100%        7    #######
 Controlled Blink         Tloc           N/A          100%        8    #######
 Discord                  Hex            #.........   100%        8    #######
 Ignition                 Fire           #.........   100%        8    #######
 Shatter                  Erth           #.........   100%        9    #######
 Tornado                  Air            #.........   100%        9    #######


Dungeon Overview and Level Annotations

Branches:
Dungeon (15/15) Temple (0/1) D:7 Lair (6/6) D:10 Swamp (4/4) Lair:2 Spider (4/4) Lair:2 Slime (0/5) Lair:5 Orc (2/2) D:9 Elf (3/3) Orc:2 Vaults (0/5) D:12 D:13 Depths (5/5) D:15 Hell (1/1) Zot (0/5) Depths:5 Ossuary (visited) Bailey (visited) Dis: Hell:1 Geh: Hell:1 Coc: Hell:1 Tar: Hell:1

Altars:
Fedhas
Gozag
Hepliaklqana
Nemelex Xobeh
Sif Muna
Trog
Vehumet
Yredelemnul
Jiyva
Lugonu

Shops:
D:9 [   D:13 *   Orc:1 *   Orc:2 %(*(   Elf:2 [*=*   Elf:3 [   Depths:1 *(
Depths:2 (=   Depths:3 [   Depths:4 =

Portals:
Hell: Depths:1 Depths:2 Depths:3 Depths:4 Depths:5
Abyss: Depths:1 Depths:4
Pandemonium: Depths:3
Ziggurat: Depths:3
Trove: D:11 (give robe of Misfortune)

Annotations:
Depths:1 3 runed translucent doors, exclusion: obsidian statue, Dwingvatt99's ghost, veteran GrFi
Hell Geryon


Innate Abilities, Weirdness & Mutations

((You reflexively headbutt those who attack you in melee.))
((You have a pair of horns on your head.))
((You are partially covered in iridescent scales. (AC +2)))
((You can translocate small distances at will.))
Scrolls take you a little longer to read.
Your magical capacity is low. (-10% MP)
You occasionally shout uncontrollably at your foes.


Message History

The red devil becomes distracted by the nearby gold, dreaming of imaginary riches.
The blizzard demon hits you but does no damage. x2
The rust devil hits you.
* * * LOW HITPOINT WARNING * * *
The rust devil corrodes you!
Unknown command.
Unknown command.
Unknown command.
Are you sure you want to swing wildly while confused and next to your reaper?
You slash the rust devil!
The rust devil is severely wounded.
You slash the hell hog! You closely miss the sun demon.
You hit the blizzard demon but do no damage.
The hell beast becomes distracted by the nearby gold, dreaming of imaginary riches.
The hell hog becomes distracted by the nearby gold, dreaming of imaginary riches.
The sun demon hits you!
* * * LOW HITPOINT WARNING * * *
You are engulfed in flames!
You die...
Your body crumbles into a pile of gold.

○☼☼...°°∩.......
°......Z.∩.....Z
....4243&.......
#..5384222......
##.2h4.4h44....#
##E348h3ZZ...##
##.5.2W424Z##
##4.h3$.Z##
##44♣2$##
##$$2## #...#
$.... .......
.........
...........
.............


You could see Geryon, 2 iron golems, 5 hell beasts, 2 reapers, a blizzard demon,
a soul eater, 4 hell hogs, a sun demon, 7 rust devils, a freezing wraith, 3
smoke demons, a fire elemental (wandering), 6 red devils, 2 crimson imps, an
eight-headed hydra simulacrum (wandering), an emperor scorpion simulacrum
(wandering), a shadow dragon zombie, an emperor scorpion zombie, a titan zombie,
an alligator skeleton (wandering) and a friendly reaper.

Vanquished Creatures
  Frederick (Depths:4)
  A caustic shrike (Depths:2)
  Xtahua (Depths:5)
  Nikola (Swamp:1)
  the Enchantress (Depths:3)
  A golden dragon (Depths:5)
  A bone dragon (Depths:5)
  Jory (Depths:3)
  Arachne (Spider:4)
  Rupert (Lair:6)
  A lich (Depths:2)
  2 deep elf blademasters (Elf:3)
  A titan (Depths:2)
  A tentacled starspawn (Abyss:1)
  Gastronok (D:9)
  A deep elf master archer (Elf:3)
  Agnes (D:14)
  2 thorn hunters
  Frances (D:13)
  Kirke (D:15)
  A sphinx (Depths:2)
  Roxanne (Swamp:1)
  3 storm dragons
  A shadow dragon (Depths:4)
  2 draconian monks (Depths:5)
  A tengu reaver (Depths:5)
  An azure jelly (Swamp:4)
  Donald (Elf:2)
  6 frost giants
  5 deep elf sorcerers
  2 emperor scorpions (Spider:4)
  3 ghost moths
  2 fire giants
  An iron dragon (Depths:4)
  Aizul (Swamp:1)
  A draconian scorcher (Depths:5)
  A draconian stormcaller (Abyss:1)
  3 deep elf elementalists (Elf:3)
  7 spriggan defenders
  6 stone giants
  A reaper (Hell)
  The ghost of Johnny the Carver, a journeyman TrBe of Trog (D:15)
  2 war gargoyles (Hell)
  2 entropy weavers
  10 very ugly things
  A vampire knight (Depths:1)
  The ghost of Kairok the Covert, a journeyman VSAs of Okawaru (Spider:3)
  2 deep elf demonologists (Elf:3)
  11 deep elf annihilators
  A purple draconian (Depths:5)
  6 spark wasps
  A green draconian (Depths:5)
  3 yellow draconians (Depths:5)
  4 ettins
  Snorg (Lair:3)
  2 deep elf death magi
  The ghost of havocjr3 the Nimble, a journeyman GnGl of Uskayaw (Orc:2)
  3 yaktaur captains
  2 merfolk impalers
  2 blizzard demons (Hell)
  10 fire dragons
  Erolcha (D:12)
  4 great orbs of eyes
  8 deep elf high priests (Elf:3)
  An ogre mage (D:15)
  4 vault guards (Depths:2)
  10 rakshasas
  13 ice dragons
  14 hydras
  Harold (D:7)
  4 spriggan air magi
  2 merfolk aquamancers (Depths:2)
  7 centaur warriors
  8 ghost crabs
  8 alligators
  4 tengu warriors
  Erica (D:9)
  12 two-headed ogres
  4 death yaks (Lair:5)
  11 deep troll shamans
  A vampire mage (Depths:2)
  4 spriggan berserkers
  2 orc high priests (Depths:2)
  A thrashing horror (Abyss:1)
  2 hell hogs
  12 deep troll earth magi
  Sonja (Lair:3)
  4 soul eaters
  5 iron trolls
  10 deep elf knights
  A sun demon (Hell)
  7 hell knights
  A sixfirhy (Abyss:1)
  A wretched star (Abyss:1)
  2 salamander mystics
  2 anaconda zombies (Hell)
  25 deep trolls
  3 spriggan druids
  4 wizards
  An unseen horror (D:14)
  A swamp dragon (Swamp:4)
  A glowing orange brain (Depths:3)
  A shadow demon (Abyss:1)
  A wolf spider zombie (D:15)
  3 flayed ghosts
  A glowing orange brain (shapeshifter) (D:15)
  9 starcursed masses (Abyss:1)
  A phantasmal warrior (D:15)
  5 orc knights
  4 large abominations (Abyss:1)
  48 deep elf magi
  A mana viper (shapeshifter) (Depths:3)
  A sphinx zombie (Depths:1)
  5 cyclopes
  13 deep elf archers
  17 wolf spiders
  25 orb spiders
  A manticore (D:15)
  A faun (shapeshifter) (Depths:4)
  5 necromancers
  21 elephants
  27 ugly things
  A black mamba (shapeshifter) (D:15)
  2 salamanders
  A titan simulacrum (Depths:1)
  4 black mambas
  Maurice (D:8)
  A smoke demon (Abyss:1)
  A moth of wrath (Spider:4)
  A rust devil (Hell)
  A guardian serpent (shapeshifter) (Depths:1)
  2 torpor snails
  6 apocalypse crabs (Swamp:1)
  27 spiny frogs
  4 naga magi
  An eye of devastation (shapeshifter) (Depths:2)
  5 rime drakes
  2 yaktaurs (shapeshifter)
  A storm dragon simulacrum (Hell)
  13 yaktaurs
  9 komodo dragons
  An efreet (D:15)
  8 freezing wraiths
  2 tengu conjurers (Depths:2)
  A hellwing (Depths:5)
  An ancient zyme (Abyss:1)
  7 demonic crawlers
  32 jumping spiders
  10 tyrant leeches
  6 trolls
  3 merfolk (Depths:2)
  3 meliai (Spider:1)
  A queen bee (Spider:1)
  3 red devils
  A polar bear (Lair:3)
  A meliai (shapeshifter) (Depths:4)
  A dream sheep (shapeshifter) (Depths:3)
  A wind drake (shapeshifter) (D:14)
  Grinder (D:3)
  11 bog bodies
  4 dream sheep (Lair:3)
  4 raiju (Abyss:1)
  21 hornets
  27 slime creatures
  Prince Ribbit (D:7)
  31 blink frogs
  11 hippogriffs
  2 air elementals
  7 small abominations (Abyss:1)
  Sigmund (D:4)
  2 shadows
  2 vampires
  34 tarantellas
  53 redbacks
  13 spriggans
  7 water elementals
  A wyvern (Lair:6)
  3 wraiths
  Eustachio (D:4)
  A hog (shapeshifter) (Depths:2)
  29 yaks
  Grum (D:9)
  A golden eye (shapeshifter) (Elf:2)
  5 hungry ghosts
  5 hogs
  3 fire elementals
  17 humans
  3 swamp worm simulacra (Swamp:4)
  3 basilisks
  26 vampire mosquitoes
  Menkaure (D:6)
  14 insubstantial wisps
  21 swamp worms
  A warg (Depths:2)
  A soldier ant (D:12)
  Edmund (D:4)
  15 hydra simulacra (Swamp:4)
  2 nagas (Depths:2)
  A spiny frog zombie (Hell)
  12 porcupines
  A hell hound (Depths:5)
  Duvessa (D:4)
  13 water moccasins
  7 floating eyes
  An acid dragon (D:14)
  A black bear (shapeshifter) (Abyss:1)
  41 orc warriors
  4 swamp drakes
  4 ice beasts
  4 sky beasts
  2 black bears
  An eye of draining (D:13)
  8 ogres
  6 phantoms
  8 boggarts (Depths:3)
  14 wolves
  18 centaurs
  16 crocodiles
  3 earth elementals
  24 bullfrogs
  Dowan (D:4)
  A scorpion (D:5)
  25 killer bees
  13 wights
  A howler monkey (D:4)
  8 electric eels
  8 centaur zombies
  14 crimson imps
  2 quasits
  A bullfrog zombie (Ossuary)
  7 centaur skeletons
  17 orc wizards
  14 hounds
  A jelly (D:10)
  9 orc priests
  2 bullfrog skeletons
  An iron imp (Abyss:1)
  8 mummies (Ossuary)
  2 iguanas
  8 worker ants
  Natasha (twice) (D:4)
  7 hell rats
  A hound zombie (Ossuary)
  A hound skeleton (D:11)
  4 worker ant zombies
  8 adders
  4 gnolls (D:4)
  A howler monkey skeleton (D:8)
  10 river rats (Lair:6)
  8 shadow imps
  2 white imps (Abyss:1)
  5 swamp drake simulacra (Swamp:4)
  An ufetubus (Abyss:1)
  4 adder zombies (Ossuary)
  An ooze (D:2)
  2 worms (D:2)
  A dart slug (D:1)
  4 leopard geckos
  91 orcs
  10 bats
  7 giant cockroaches
  7 goblins
  8 hobgoblins
  4 jackals (D:6)
  8 quokkas
  3 ball pythons
  4 frilled lizards
  A giant cockroach zombie (Ossuary)
  A jackal skeleton (D:7)
  2 jackal zombies
  4 kobolds
  A quokka skeleton (D:7)
  4 quokka zombies
  16 rats
  2 briar patches (Swamp:3)
  A bush (D:7)
  7 fungi
  4 plants (Lair:6)
  3 starspawn tentacles (Abyss:1)
1675 creatures vanquished.

Vanquished Creatures (collateral kills)
  A revenant (Hell)
  A blizzard demon (Hell)
  A hell beast (Hell)
  An anaconda zombie (Hell)
4 creatures vanquished.

Vanquished Creatures (others)
  A deep elf master archer (Elf:3)
  2 stone giants (Depths:2)
  A white draconian (Depths:5)
  An alligator (Swamp:4)
  A centaur warrior (Depths:3)
  22 dancing weapons
  A deep elf knight (Elf:1)
  A spriggan druid (Swamp:1)
  A stone giant zombie (Depths:1)
  A shining eye (shapeshifter) (D:15)
  A salamander (Depths:5)
  A cyclops (D:11)
  6 yaktaurs
  A hornet (Swamp:2)
  A redback (Spider:4)
  A human (D:15)
  An insubstantial wisp (Swamp:4)
  2 swamp worms (Swamp:4)
  3 orc warriors (Bailey)
  3 centaurs
  A boggart (Depths:3)
  A small abomination (Abyss:1)
  A hound (D:13)
  A shadow imp (D:13)
  2 briar patches (Swamp:2)
  A bush (D:15)
  8 fungi
  55 plants
  10 starspawn tentacles (Abyss:1)
  4 toadstools (D:10)
  A withered plant (Ossuary)
137 creatures vanquished.

Grand Total: 1816 creatures vanquished

Notes
Turn   | Place    | Note
-------+----------+-------------------------------------------
     0 | D:1      | epalnemea the Minotaur Fighter began the quest for the Orb.
     0 | D:1      | Reached XP level 1. HP: 19/19 MP: 0/0
   116 | D:1      | Reached XP level 2. HP: 26/27 MP: 1/1
   476 | D:1      | Reached XP level 3. HP: 29/33 MP: 2/2
  1085 | D:2      | Found a sparkling altar of Nemelex Xobeh.
  1255 | D:2      | Reached XP level 4. HP: 40/40 MP: 3/3
  1351 | D:2      | You fall into a shaft and drop 1 floor!
  1360 | D:3      | Found a bloodstained altar of Trog.
  1560 | D:2      | Reached skill level 1 in Dodging
  1818 | D:3      | Noticed Grinder
  1824 | D:3      | Paralysed by Grinder for 3 turns
  1830 | D:3      | Killed Grinder
  1830 | D:3      | Reached skill level 5 in Shields
  1830 | D:3      | Reached XP level 5. HP: 30/47 MP: 4/4
  1830 | D:3      | Reached XP level 6. HP: 36/55 MP: 5/5
  2002 | D:3      | Reached skill level 5 in Armour
  2026 | D:3      | Reached skill level 5 in Fighting
  2762 | D:4      | Found an opulent altar of Gozag.
  2768 | D:4      | Became a worshipper of Gozag Ym Sagoz the Greedy
  2834 | D:4      | Noticed Edmund
  2843 | D:4      | Noticed Eustachio
  2979 | D:4      | Killed Edmund
  2979 | D:4      | Reached XP level 7. HP: 50/61 MP: 6/6
  2990 | D:4      | Killed Eustachio
  2990 | D:4      | Reached skill level 5 in Axes
  2990 | D:4      | Reached skill level 1 in Throwing
  3033 | D:4      | Noticed Sigmund
  3035 | D:4      | Found a hazy altar of Hepliaklqana.
  3047 | D:4      | Killed Sigmund
  3100 | D:4      | Noticed Duvessa
  3100 | D:4      | Noticed Dowan
  3114 | D:4      | Killed Duvessa
  3114 | D:4      | Reached XP level 8. HP: 64/70 MP: 7/7
  3116 | D:4      | Killed Dowan
  3135 | D:4      | Noticed Natasha
  3139 | D:4      | Killed Natasha
  3257 | D:4      | Noticed Natasha
  3263 | D:4      | Killed Natasha
  3506 | D:5      | Entered Level 5 of the Dungeon
  4318 | D:6      | Found a sand-covered staircase.
  4329 | Ossuary  | Entered an ossuary
  4554 | Ossuary  | Got a clouded copper ring
  4625 | Ossuary  | Identified the ring of Elyvilon's Supremacy {MR+ Int+2
                  | Stlth-} (You found it in an ossuary)
  4727 | D:6      | Reached XP level 9. HP: 76/79 MP: 8/8
  4977 | D:6      | Found a basalt altar of Yredelemnul.
  5186 | D:6      | Noticed Menkaure
  5197 | D:6      | Killed Menkaure
  5307 | D:6      | Found a shimmering blue altar of Sif Muna.
  5924 | D:7      | Noticed Harold
  5954 | D:7      | Killed Harold
  6131 | D:7      | Noticed Prince Ribbit
  6134 | D:7      | Killed Prince Ribbit
  6134 | D:7      | Reached skill level 5 in Throwing
  6406 | D:7      | Found a staircase to the Ecumenical Temple.
  7017 | D:8      | Noticed Maurice
  7026 | D:8      | Killed Maurice
  7026 | D:8      | Reached XP level 10. HP: 90/90 MP: 9/9
  7283 | D:9      | Noticed Gastronok
  7295 | D:9      | Killed Gastronok
  7484 | D:9      | Noticed a green ugly thing
  7493 | D:9      | Killed a green ugly thing
  7592 | D:9      | Noticed Erica
  7605 | D:9      | Killed Erica
  7638 | D:9      | Found a staircase to the Orcish Mines.
  7696 | D:9      | Noticed Grum
  7728 | D:9      | Killed Grum
  7728 | D:9      | Reached XP level 11. HP: 62/99 MP: 10/10
  7866 | D:9      | Paralysed by fainting for 12 turns
  7929 | D:9      | Bought a runed shield for 292 gold pieces
  7929 | D:9      | Bought a faintly glowing scale mail for 351 gold pieces
  7939 | D:9      | Identified the +1 scale mail of Anarchy {Regen+} (You
                  | bought it in a shop on level 9 of the Dungeon)
  7990 | D:9      | Reached skill level 10 in Armour
  7990 | D:9      | Reached skill level 10 in Shields
  8174 | D:9      | Reached skill level 10 in Fighting
  8286 | D:10     | Entered Level 10 of the Dungeon
  8742 | D:10     | Found a staircase to the Lair.
  9150 | D:10     | Reached skill level 10 in Axes
  9700 | D:11     | Noticed a two-headed ogre
  9805 | D:11     | Killed a two-headed ogre
  9858 | D:11     | Found a portal to a secret trove of treasure.
 10293 | D:11     | Got a glittering copper amulet
 10296 | D:11     | Identified the amulet of Deogrann {Spirit Fragile rElec MR+
                  | Dex+5} (You found it on level 11 of the Dungeon)
 10635 | D:12     | Found a flagged portal.
 10668 | Bailey   | Entered a bailey
 10669 | Bailey   | Noticed an orc knight
 10781 | Bailey   | Identified a scroll of acquirement
 10998 | Bailey   | Killed an orc knight
 11113 | Bailey   | Reached skill level 1 in Crossbows
 11128 | Bailey   | Got a faintly glowing scale mail
 11146 | Bailey   | Identified the +3 scale mail of the Game of Life {rN+
                  | Dex+2} (You found it in a bailey)
 11257 | D:12     | Reached XP level 12. HP: 110/110 MP: 11/11
 11585 | D:12     | Noticed a two-headed ogre
 11593 | D:12     | Killed a two-headed ogre
 11887 | D:12     | Noticed Erolcha
 11893 | D:12     | Killed Erolcha
 12378 | D:12     | Found a hazy altar of Hepliaklqana.
 12441 | D:13     | Found a gate to the Vaults.
 12441 | D:13     | Noticed a two-headed ogre
 12441 | D:13     | Noticed a centaur warrior
 12450 | D:13     | Noticed a two-headed ogre
 12456 | D:12     | Killed a two-headed ogre
 12714 | D:13     | Noticed a centaur warrior
 12721 | D:13     | Killed a centaur warrior
 12789 | D:13     | Killed a centaur warrior
 13020 | D:13     | Reached skill level 5 in Crossbows
 13046 | D:13     | Killed a two-headed ogre
 13195 | D:13     | Noticed Frances
 13252 | D:14     | Noticed Agnes
 13267 | D:14     | Noticed a two-headed ogre
 13620 | D:14     | Reached XP level 13. HP: 109/118 MP: 12/12
 13803 | D:14     | Killed Agnes
 14526 | D:13     | Found Xeish's Blood Bar.
 15400 | D:13     | Killed Frances
 15676 | D:9      | Bought a dazzling plate armour for 1092 gold pieces
 15686 | D:9      | Identified the +5 plate armour of Plog {rElec MR+} (You
                  | bought it in a shop on level 9 of the Dungeon)
 15804 | D:15     | Entered Level 15 of the Dungeon
 15863 | D:15     | Found a transporter.
 15866 | D:15     | Noticed Johnny's ghost (journeyman TrBe)
 16043 | D:15     | Noticed Kirke
 16069 | D:15     | Killed Kirke
 16133 | D:15     | Upgraded the game from 0.24.0-10-g970556be89 to
                  | 0.24.0-13-gcf9b3192b9
 16198 | D:15     | Found a transporter.
 16606 | D:15     | Reached XP level 14. HP: 129/129 MP: 13/13
 16661 | D:15     | Found a blossoming altar of Fedhas.
 17006 | D:15     | Found a staircase to the Depths.
 17119 | D:15     | Gained mutation: You are robust. (+10% HP) [potion of
                  | mutation]
 17119 | D:15     | Gained mutation: You expend magic power (3 MP) to
                  | strengthen your wands. [potion of mutation]
 17119 | D:15     | Gained mutation: You occasionally shout uncontrollably at
                  | your foes. [potion of mutation]
 17119 | D:15     | Gained mutation: You can translocate small distances at
                  | will. [potion of mutation]
 17272 | D:15     | Killed Johnny's ghost
 17460 | Lair:1   | Entered Level 1 of the Lair of Beasts
 18230 | Lair:2   | Reached skill level 5 in Dodging
 18744 | Lair:2   | Found a staircase to the Swamp.
 18812 | Lair:2   | Found a hole to the Spider Nest.
 19193 | Lair:3   | Noticed Snorg
 19208 | Lair:3   | Killed Snorg
 19324 | Lair:3   | Noticed Sonja
 19351 | Lair:3   | Got a transparent war axe
 19352 | Lair:3   | Identified the +5 war axe of Much {flame, rElec Str+2
                  | Dex-5} (You found it on level 3 of the Lair of Beasts)
 19511 | Lair:3   | Reached XP level 15. HP: 137/152 MP: 14/14
 19565 | Lair:3   | Cast into level 1 of the Abyss (Sonja)
 20168 | Abyss:1  | Got a polished short sword
 20386 | Abyss:1  | Noticed a tentacled starspawn
 20405 | Abyss:1  | Killed a tentacled starspawn
 20407 | Lair:3   | Escaped the Abyss
 20461 | Lair:3   | Cast into level 1 of the Abyss (Sonja)
 20508 | Abyss:1  | Noticed a tentacled starspawn
 20557 | Lair:3   | Escaped the Abyss
 20772 | Lair:3   | You fall into a shaft and drop 3 floors!
 20772 | Lair:6   | Entered Level 6 of the Lair of Beasts
 20924 | Lair:5   | Reached skill level 15 in Shields
 20965 | Lair:5   | Reached skill level 15 in Armour
 20978 | Lair:5   | Reached skill level 15 in Fighting
 21159 | Lair:5   | Found a staircase to the Slime Pits.
 21160 | Lair:5   | Found a viscous altar of Jiyva.
 22601 | Lair:3   | Reached skill level 15 in Axes
 22844 | Lair:3   | Killed Sonja
 23206 | Lair:6   | Reached XP level 16. HP: 141/163 MP: 12/15
 23894 | Lair:6   | Got a twitching granite ring
 23923 | Lair:6   | Identified the ring of Yxiuf {rPois rF- EV+1 Dex+8} (You
                  | found it on level 6 of the Lair of Beasts)
 24043 | Lair:6   | Noticed Rupert
 24398 | Lair:6   | Killed Rupert
 24849 | Orc:1    | Entered Level 1 of the Orcish Mines
 24904 | Orc:1    | Found Popsemam's General Store.
 24930 | Orc:1    | Bought 2 scrolls of identify for 60 gold pieces
 24930 | Orc:1    | Bought a scroll of torment for 112 gold pieces
 25138 | Orc:2    | Entered Level 2 of the Orcish Mines
 25165 | Orc:2    | Found a staircase to the Elven Halls.
 25414 | Orc:2    | Found a runed translucent gate.
 25414 | Orc:2    | Found a runed translucent gate.
 25414 | Orc:2    | Found a runed translucent gate.
 25414 | Orc:2    | Noticed havocjr3's ghost (journeyman GnGl)
 25481 | Orc:2    | Found Hepluwoh's General Store.
 25481 | Orc:2    | Found Wejemooc's Weapon Boutique.
 25493 | Orc:2    | Found Lefoffia's Weapon Shoppe.
 25495 | Orc:2    | Found Xaif's Food Shop.
 25549 | Orc:2    | Bought a scroll of remove curse for 45 gold pieces
 25549 | Orc:2    | Bought a +2 arbalest of velocity for 280 gold pieces
 25882 | Orc:2    | Bought the +9 long sword of Uncertain Death {protect, +Fly
                  | rF+++ Int-4 SInv} for 1425 gold pieces
 25931 | Elf:1    | Entered Level 1 of the Elven Halls
 25956 | Elf:1    | Reached skill level 1 in Long Blades
 26470 | Elf:1    | You fall into a shaft and drop 1 floor!
 26524 | Elf:2    | Found Aclifui's Jewellery Boutique.
 26661 | Elf:2    | Found Fapis's Assorted Antiques.
 26682 | Elf:2    | Found Wegrumol's General Store.
 26690 | Elf:2    | Bought a scroll of identify for 24 gold pieces
 26690 | Elf:2    | Bought a scroll of identify for 24 gold pieces
 26705 | Elf:2    | Bought a brown potion for 27 gold pieces
 26705 | Elf:2    | Bought a scroll of magic mapping for 105 gold pieces
 26705 | Elf:2    | Bought a potion of might for 120 gold pieces
 26706 | Elf:2    | Identified the +8 short sword of the Wheel {pierce, rElec
                  | MR+} (You found it on level 1 of the Abyss)
 26762 | Elf:2    | Found Haunoga's Armour Boutique.
 26862 | Elf:2    | Found a runed translucent gate.
 26881 | Elf:2    | Found a runed translucent gate.
 26881 | Elf:2    | Found a runed translucent gate.
 26958 | Elf:2    | Reached skill level 10 in Dodging
 27213 | Elf:2    | Noticed Donald
 27218 | Elf:2    | Reached XP level 17. HP: 120/173 MP: 9/16
 27241 | Elf:2    | Killed Donald
 27324 | Elf:2    | Reached skill level 5 in Long Blades
 27642 | Elf:3    | Entered Level 3 of the Elven Halls
 27798 | Elf:3    | Found Bysubb's Armour Shop.
 27928 | Elf:3    | Upgraded the game from 0.24.0-13-gcf9b3192b9 to
                  | 0.24.0-35-gdb84b6a5db
 28983 | Elf:3    | Identified the cursed +0 scale mail of the Mantidfly {rElec
                  | rF+ rC+ Str+3}
 29103 | Elf:3    | Identified the amulet "Cutynlipo" {Faith rElec Str+3}
 29104 | Elf:3    | Noticed a deep elf blademaster
 29105 | Elf:3    | Identified the +7 spear of Wu Jian's Whim {speed, rF+
                  | Stlth+}
 29108 | Elf:3    | Noticed a deep elf master archer
 29594 | Elf:3    | Killed a deep elf master archer
 29609 | Elf:3    | Noticed a deep elf blademaster
 29618 | Elf:3    | Killed a deep elf blademaster
 29633 | Elf:3    | Killed a deep elf blademaster
 29636 | Elf:3    | Noticed a deep elf master archer
 29643 | Elf:3    | Killed a deep elf master archer
 29925 | Elf:3    | Identified Mytteuw's Compendium of Icy Orientation
 30131 | Elf:3    | Identified the Grimoire of the Blaze and Evil
 30304 | Elf:3    | Gained mutation: You are partially covered in yellow
                  | scales. (AC +2) [a cacodemon]
 30331 | Elf:3    | Noticed a Hell Sentinel
 30987 | Orc:2    | Bought the +3 battleaxe of the Spheres {chop, +Fly rN++ MR+
                  | Int-3} for 697 gold pieces
 31009 | Orc:2    | Killed havocjr3's ghost
 31009 | Orc:2    | Reached XP level 18. HP: 175/187 MP: 13/17
 31293 | Depths:1 | Entered Level 1 of the Depths
 31293 | Depths:1 | Found a gateway to Hell.
 31315 | Depths:1 | Reached XP level 19. HP: 34/194 MP: 3/18
 31316 | Depths:1 | HP: 7/194 [stone giant/large rock (27)]
 31645 | Depths:1 | Found a corrupted altar of Lugonu.
 31646 | Depths:1 | Found a one-way gate to the infinite horrors of the Abyss.
 31685 | Depths:1 | Found Naeme's Antique Weapon Shop.
 31691 | Depths:1 | Bought an ancient war axe for 323 gold pieces
 31691 | Depths:1 | Bought an ancient glaive for 437 gold pieces
 31691 | Depths:1 | Bought a runed broad axe for 266 gold pieces
 31692 | Depths:1 | Identified the cursed +2 glaive of Weuptoevvo {chop, rElec
                  | Str+4 Dex+4} (You bought it in a shop on level 1 of the
                  | Depths)
 31693 | Depths:1 | Identified the +3 war axe "Arcanum" {drain, *Slow rC+++
                  | SInv Stlth+} (You bought it in a shop on level 1 of the
                  | Depths)
 31723 | Depths:1 | Found a runed translucent gate.
 31723 | Depths:1 | Found a runed translucent gate.
 31768 | Depths:1 | Found a runed translucent gate.
 31769 | Depths:1 | Found an opulent altar of Gozag.
 31770 | Depths:1 | Found Vuops's Assorted Antiques.
 31770 | Depths:1 | Noticed Dwingvatt99's ghost (veteran GrFi)
 32034 | Swamp:1  | Entered Level 1 of the Swamp
 32034 | Swamp:1  | Identified Roxanne's Guide on Moulding
 32034 | Swamp:1  | Noticed Roxanne
 32034 | Swamp:1  | Noticed Nikola
 32052 | Swamp:1  | Killed Nikola
 32076 | Swamp:1  | Killed Roxanne
 32076 | Swamp:1  | Noticed Aizul
 32097 | Swamp:1  | Killed Aizul
 32580 | Swamp:1  | Found a runed translucent door.
 34026 | Swamp:2  | Reached skill level 1 in Maces & Flails
 35162 | Swamp:3  | Reached skill level 1 in Evocations
 35488 | Swamp:4  | Entered Level 4 of the Swamp
 36139 | Swamp:4  | Got a decaying rune of Zot
 36917 | Spider:1 | Entered Level 1 of the Spider Nest
 36934 | Spider:1 | Reached XP level 20. HP: 207/207 MP: 20/20
 37085 | Spider:1 | Reached skill level 1 in Polearms
 37774 | Spider:1 | Identified the +6 battleaxe of Cesavoth {chop, rF+} (You
                  | found it on level 1 of the Spider Nest)
 37779 | Spider:1 | You fall into a shaft and drop 1 floor!
 37957 | Spider:1 | You fall into a shaft and drop 1 floor!
 38557 | Spider:2 | Got a sapphire lajatang
 38576 | Spider:2 | Identified the +6 lajatang of a Gauntlet {slice, MR+ Dex+4}
                  | (You found it on level 2 of the Spider Nest)
 39928 | Spider:3 | Found a runed translucent gate.
 39929 | Spider:3 | Found a runed translucent gate.
 39929 | Spider:3 | Noticed Kairok's ghost (journeyman VSAs)
 39930 | Spider:3 | Found a runed translucent gate.
 39973 | Spider:3 | Killed Kairok's ghost
 40052 | Spider:4 | Entered Level 4 of the Spider Nest
 40496 | Spider:4 | Got a gossamer rune of Zot
 41020 | Spider:4 | Noticed Arachne
 41032 | Spider:4 | Killed Arachne
 41161 | Spider:4 | Identified the +1 leather armour "Wuesch" {Int+4} (You
                  | found it on level 4 of the Spider Nest)
 41430 | Depths:1 | Reached skill level 5 in Evocations
 41600 | Depths:1 | Found a runed translucent door.
 41663 | Depths:1 | Got a crystal halberd
 41673 | Depths:1 | Identified the +6 halberd of Midnight {chop, *Rage rF++
                  | Dex+3} (You found it on level 1 of the Depths)
 42089 | Depths:2 | Paralysed by a floating eye for 4 turns
 42297 | Depths:2 | Paralysed by a floating eye for 4 turns
 42636 | Depths:2 | Got a flickering bone ring
 42641 | Depths:2 | Identified the ring of Gonas {rElec AC+2 Str+2} (You found
                  | it on level 2 of the Depths)
 42691 | Depths:2 | Reached XP level 21. HP: 200/217 MP: 24/24
 42775 | Depths:2 | Identified the ring of Anuses {rC+ Dex+4 Stlth-}
 42798 | Depths:2 | Paralysed by a floating eye for 3 turns
 42909 | Depths:2 | Identified the ring of Asuanuvo {*Tele rPois Dex+2}
 43819 | Depths:2 | Found a radiant altar of Vehumet.
 43958 | Depths:2 | Noticed a caustic shrike
 43966 | Depths:2 | Killed a caustic shrike
 43970 | Depths:2 | Paralysed by a floating eye for 2 turns
 43987 | Depths:2 | Lost mutation: You are partially covered in yellow scales.
                  | (AC +2) [potion of mutation]
 43987 | Depths:2 | Lost mutation: You expend magic power (3 MP) to strengthen
                  | your wands. [potion of mutation]
 43987 | Depths:2 | Lost mutation: You are robust. (+10% HP) [potion of
                  | mutation]
 43987 | Depths:2 | Gained mutation: Your magical capacity is low. (-10% MP)
                  | [potion of mutation]
 43987 | Depths:2 | Gained mutation: Scrolls take you a little longer to read.
                  | [potion of mutation]
 43987 | Depths:2 | Gained mutation: You are partially covered in iridescent
                  | scales. (AC +2) [potion of mutation]
 43991 | Depths:2 | Bought a steaming morningstar for 342 gold pieces
 43991 | Depths:2 | Bought the +10 dark maul {crush} for 2534 gold pieces
 43991 | Depths:2 | Found the +10 dark maul {crush}
 43993 | Depths:2 | Identified the +6 morningstar of Forgiveness {crush, rC+
                  | Int+2} (You bought it in a shop on level 2 of the Depths)
 44015 | Depths:2 | Found a blossoming altar of Fedhas.
 44451 | Depths:3 | Noticed Jory
 44481 | Depths:3 | Killed Jory
 44493 | Depths:3 | Noticed the Enchantress
 44875 | Depths:3 | Found a one-way gate leading to the halls of Pandemonium.
 45204 | Depths:3 | Killed the Enchantress
 45265 | Depths:3 | Found a gateway to a ziggurat.
 46333 | Depths:4 | Reached skill level 15 in Dodging
 46730 | Depths:4 | Noticed Frederick
 46777 | Depths:4 | Killed Frederick
 46777 | Depths:4 | Reached XP level 22. HP: 200/209 MP: 22/23
 47215 | Depths:4 | Found Ynonil's Jewellery Shop.
 47325 | Depths:4 | Reached skill level 10 in Long Blades
 47919 | Depths:5 | Entered Level 5 of the Depths
 47979 | Depths:5 | Noticed Xtahua
 48002 | Depths:5 | Killed Xtahua
 49047 | Hell     | Entered the Vestibule of Hell
 49047 | Hell     | Noticed Geryon
 49715 | Depths:5 | Noticed a golden dragon
 49717 | Depths:5 | Found a gate to the Realm of Zot.
 49723 | Depths:5 | Killed a golden dragon
 50082 | Depths:2 | Bought the ring of Departure {rF+ rC++} for 792 gold pieces
 50529 | Depths:2 | Bought a glowing broad axe for 266 gold pieces
 50834 | Hell     | HP: 15/316 [war gargoyle/+0 flail of holy wrath (8)]
 50836 | Hell     | HP: 7/316 [reaper/+6 scythe of protection (4)]
 50841 | Hell     | HP: 3/316 [sun demon (7)]
 50841 | Hell     | Mangled by a sun demon

Levels and vault maps discovered:
D:1:      psy_arrival_spokes, layout_basic, nrook_loot_triangle,
          roderic_lattice_a
D:2:      layout_basic, nemelex_xobeh_ov_fountains_minmay
D:3:      layout_rooms, bloody_trog, first_ration, uniq_grinder
D:4:      layout_basic, kennysheep_mini, old_standard_altar, uniq_sigmund,
          uniq_natasha, uniq_edmund, uniq_duvessa, uniq_eustachio
D:5:      layout_gridville
D:6:      layout_layer_cave, marbit_many_paths, nicolae_overflow_crystal_walls,
          enter_ossuary_1, uniq_menkaure
D:7:      wander_river, layout_basic, minmay_temple_entry_enclosed_plants,
          uniq_harold, uniq_prince_ribbit1
D:8:      layout_loops_ring, uniq_maurice
D:9:      layout_basic, david_orc_3, grunt_livestock, uniq_erica,
          uniq_gastronok, uniq_grum
D:10:     layout_loops_cross, erik_lair_island, special_room [special_room_orc],
          minmay_gold_behind_fungi
D:11:     layout_stronghold, nicolae_trove_entry_crossroad
D:12:     layout_layer_cave, enter_bailey_2, lemuel_statue_altar, uniq_erolcha
D:13:     layout_long_grid, david_vaults_3, guppyfry_shop_blood, uniq_frances
D:14:     layout_basic, gauntlet_entry_generic, uniq_agnes
D:15:     grunt_enter_depths_magical_seal, layout_cave_pools, serial_park,
          serial_park_gazebo [serial_park_minivault_5x5_3],
          serial_park_tiny_pond, gammafunk_ghost_arena,
          chequers_serial_rivers_marsh, roderic_roman_lattice, minivault_25_ag,
          uniq_kirke
Lair:1:   layout_chaotic_city, st_stairs_10, grunt_megastairs_3
Lair:2:   layout_regular_city, nicolae_swamp_entry_splash_gauntlet,
          spider_nest_entry_a, grunt_megastairs_1
Lair:3:   layout_cave_pods, st_stairs_6, wad_woods_road_02,
          chequers_serial_rivers_marsh, uniq_sonja, uniq_snorg
Lair:4:   layout_regular_city, minmay_stone_trees_medium, minmay_holes,
          serial_bayou_shore_b
Lair:5:   layout_regular_city, slime_altar_1, grunt_megastairs_2,
          infiniplex_staircase_pool_2
Lair:6:   minmay_lair_end_frog_pond, layout_hall_layers,
          chequers_serial_rivers_micro_e, columned_hall_lemuel,
          serial_bayou_lagoon_a, serial_bayou_ford_a,
          chequers_serial_rivers_small_3, kennysheep_rathole, uniq_rupert
Swamp:1:  gammafunk_mikee_crab_dinner, layout_basic_swamp,
          evilmike_swamp_ruin_wall, uniq_roxanne, uniq_aizul, uniq_nikola
Swamp:2:  layout_basic_swamp, evilmike_swamp_ruin_house_4, swamp_pool3
Swamp:3:  layout_basic_swamp, nicolae_swamp_rocky_clearing
Swamp:4:  swamp_icy, layout_basic_swamp, infiniplex_staircase_pool
Spider:1: layout_chambers, nicolae_looking_at_the_future
Spider:2: layout_chambers, hangedman_spider_trapstep
Spider:3: layout_spider_delve, ebering_ghost_rock_garden
Spider:4: spider_rune_water, uniq_arachne
Orc:1:    layout_caves, serial_shops, shop, library_closet
Orc:2:    st_orc_rangers, layout_diamond_mine, ebering_ghost_rock_garden
Elf:1:    minmay_elf_arrival_circle, layout_geoelf_octagon, serial_shops,
          nicolae_shop_waterfront, minmay_misc_feat_cross
Elf:2:    layout_geoelf_octagon, serial_shops, nicolae_shop_crystal,
          nicolae_shop_stone, nicolae_shop_behind_doors, shop, uniq_donald
Elf:3:    minmay_elf_hall_not_hex, layout_loops_corners, serial_shops, shop,
          wad_floor_pattern_2, corexii_leaking_fountain
Depths:1: layout_long_grid, hell_entry, abyss_entry_flame_altar,
          ebering_ghost_gozag, kennysheep_treasure_room, minmay_shop_star
Depths:2: hangedman_spin_cycle, hell_entry
Depths:3: kennysheep_spiral_hall, layout_basic, enter_ziggurat_b, hell_entry,
          rand_demon_pan_entry_9, nrook_mini_backslash, uniq_enchantress,
          uniq_jory
Depths:4: nooodl_glass_maze, layout_gridville, abyss_entry,
          kennysheep_nondescript, grunt_hell_entry_dis_mu, serial_shops, shop,
          chequers_serial_rivers_micro_a, infiniplex_staircase_zigzag_3,
          serial_bayou_shore_a, uniq_frederick
Depths:5: grunt_zot_entry_hairpin, layout_gridlike, hellmouth_1,
          chequers_serial_rivers_small_b, nicolae_water_bricks, uniq_xtahua
Hell

Skill      XL: |  1  2  3  4  5  6  7  8  9 10 11 12 13 14 15 16 17 18 19 20 21 22 |
---------------+-------------------------------------------------------------------+-----
Shields        | 4 5 6 7 8 9 11 12 13 14 15 16 17 18 19 20 | 20.4
Fighting       | 4 5 6 7 8 9 11 12 13 14 15 16 17 18 19 20 | 20.5
Armour         | 4 5 6 7 8 9 11 12 13 14 15 16 17 18 19 20 | 20.4
Axes           | 3 4 5 6 8 9 10 11 12 14 15 16 17 | 17.3
Dodging        | 2 3 6 8 10 11 13 14 15 | 15.9
Throwing       | 2 3 5 6 8 |  8.0
Crossbows      | 1 5 7 |  7.8
Long Blades    | 4 6 7 9 11 | 11.3
Maces & Flails | 4 |  4.0
Evocations     | 2 5 7 9 |  9.0
Polearms       | 4 |  4.4

Action                   |  1- 3 |  4- 6 |  7- 9 | 10-12 | 13-15 | 16-18 | 19-21 | 22-24 || total
-------------------------+-------+-------+-------+-------+-------+-------+-------+-------++-------
Melee: War axe           |   121 |    66 |   359 |   554 |  1079 |   654 |   125 |       ||  2958
       Headbutt          |    13 |    11 |    83 |   131 |   333 |   340 |   853 |   219 ||  1983
       Broad axe         |       |       |       |    26 |       |    95 |   451 |   210 ||   782
       Long sword        |       |       |       |       |       |   144 |   478 |    71 ||   693
       Demon whip        |       |       |       |       |       |    12 |  1064 |   196 ||  1272
       Spear             |       |       |       |       |       |    12 |       |       ||    12
       Short sword       |       |       |       |       |       |    11 |       |       ||    11
       Morningstar       |       |       |       |       |       |       |     2 |       ||     2
 Fire: Arbalest          |       |       |       |    65 |       |       |       |       ||    65
Throw: Javelin           |       |     2 |     3 |     2 |     1 |       |    16 |       ||    24
       Throwing net      |       |       |     1 |     2 |       |     2 |     2 |       ||     7
       Boomerang         |       |       |       |       |     1 |     1 |       |       ||     2
Invok: Call Merchant     |       |       |       |     1 |       |       |     3 |       ||     4
       Potion Petition   |       |       |       |       |     1 |     1 |    11 |     3 ||    16
 Abil: Blink             |       |       |       |       |       |     1 |     2 |       ||     3
       Evoke Flight      |       |       |       |       |       |       |     1 |       ||     1
Evoke: Wand              |       |       |     4 |    32 |     2 |    19 |    21 |       ||    78
  Use: Scroll            |       |     8 |     9 |    19 |    15 |    11 |    26 |     8 ||    96
       Potion            |       |     2 |     6 |    16 |     8 |    12 |    11 |    12 ||    67
 Stab: Distracted        |       |       |       |     5 |    14 |    16 |    22 |     6 ||    63
       Held in net/web   |       |       |       |     1 |       |     3 |     4 |       ||     8
       Invisible         |       |       |       |       |     8 |    12 |    31 |     9 ||    60
       Paralysed         |       |       |       |       |     2 |       |       |       ||     2
  Eat: Chunk             |     1 |     5 |       |       |       |       |       |       ||     6
       Ration            |       |       |     4 |    11 |     9 |     8 |    15 |     4 ||    51
Armor: Scale mail        |    66 |    15 |    86 |   154 |    50 |       |       |       ||   371
       Chain mail        |       |       |    14 |    54 |       |       |       |       ||    68
       Plate armour      |       |       |       |       |   340 |   174 |   575 |   108 ||  1197
       Skin              |       |       |       |       |       |       |       |    89 ||    89
Dodge: Dodged            |    34 |    21 |   111 |   248 |   271 |   203 |  1042 |   245 ||  2175
Block: Shield            |    67 |    32 |   167 |   425 |   616 |   190 |  1723 |   486 ||  3706
       Reflection        |       |       |       |    33 |    25 |    11 |    72 |    21 ||   162
       Large shield      |       |       |       |       |       |   524 |       |       ||   524
       Rpst.: Long sword |       |       |       |       |       |    12 |    67 |     6 ||    85
